 Dungeon Crawl Stone Soup version 0.18-a0-822-gb52b7b4 (webtiles) character file.

31 timbw the Firebug (level 2, -2/20 HPs)
             Began as a Demigod Fire Elementalist on Dec 16, 2015.
             Killed from afar by an orc wizard (9 damage)
             ... with a magic dart
             ... on level 3 of the Dungeon.
             The game lasted 00:02:17 (400 turns).

timbw the Firebug (Demigod Fire Elementalist)        Turns: 400, Time: 00:02:17

Health: -2/20      AC:  2    Str: 16    XL:     2   Next: 90%
Magic:  3/7        EV: 12    Int: 19    God:
Gold:   20         SH:  0    Dex: 16    Spells: 1 memorised, 3 levels left

rFire  . . .     SeeInvis .     e - +0 club
rCold  . . .     Gourm    .     a - +0 robe
rNeg   . . .     Faith    .     (no shield)
rPois  .         Spirit   .     (no helmet)
rElec  .         Dismiss  .     (no cloak)
rCorr  .         Reflect  .     (no gloves)
SustAt +         Harm     .     (no boots)
MR     .....                    (no amulet)
Stlth  +.........               (no ring)
                                g - ring of loudness (curse)

@: mighty, slowed, very slow, not resistant to hostile enchantments, very
unstealthy
A: high mp 1, sustain attributes
a: no special abilities


You were on level 3 of the Dungeon.
You were not hungry.

You visited 1 branch of the dungeon, and saw 3 of its levels.

You collected 20 gold pieces.

Inventory:

Hand Weapons
 e - a +0 club (weapon)
 h - a +0 blowgun
Missiles
 n - 14 poisoned needles
Armour
 a - a +0 robe (worn)
 m - a +0 ring mail
Jewellery
 g - a cursed ring of loudness (left hand)
Scrolls
 i - 2 scrolls of remove curse {unknown}
 k - 2 scrolls of identify {unknown}
 l - 2 scrolls of enchant weapon {unknown}
 o - a scroll of blinking {unknown}
Books
 b - a book of Flames

   Spells                             Type                      Level
   a - Flame Tongue                   Conjuration/Fire             1
   b - Throw Flame                    Conjuration/Fire             2
   c - Conjure Flame                  Conjuration/Fire             3
   d - Inner Flame                    Hexes/Fire                   3
   e - Sticky Flame                   Conjuration/Fire             4
   f - Fireball                       Conjuration/Fire             5
Comestibles
 c - a bread ration
 d - 4 chunks of flesh
 f - a slice of pizza


   Skills:
 * Level 2.3 Maces & Flails
 - Level 1.7 Dodging
 - Level 1.7 Stealth
 - Level 1.9 Spellcasting
 - Level 0.8 Conjurations
 - Level 2.6 Fire Magic


You had 3 spell levels left.
You knew the following spells:

 Your Spells              Type           Power        Failure   Level  Hunger
a - Flame Tongue          Conj/Fire      #....        10%         1    #......


Dungeon Overview and Level Annotations

Branches:
Dungeon (3/15)


Innate Abilities, Weirdness & Mutations

You have an increased reservoir of magic (+10% MP).
Your attributes are resistant to harm.


Message History

an uncursed blowgun; 12 poisoned needles; a kobold corpse
h - an uncursed blowgun;
n - 12 poisoned needles
n - 13 poisoned needles (gained 1)
n - 14 poisoned needles (gained 1)
You see here a rat corpse.
o - a scroll labeled HIARIKL VEKUGH An orc wizard comes into view.
It is wielding a dagger.
The orc wizard shouts!
The orc wizard points at you and mumbles some strange words.
You feel yourself slow down.
The orc wizard points at you and mumbles some strange words.
The magic dart hits you!
Drink which item? (? for menu, Esc to quit)
It was a potion of might.
You feel very mighty all of a sudden.
The orc wizard mumbles some strange words.
The orc wizard seems to speed up.
The orc wizard gestures at you while chanting.
The magic dart hits you!
You die...

# #..##.#..#.#
#.###..##†.....#
#..........†#.#.##
............)###.##.#
#..###.##..##.#.....#
#. ###.##..##....####
# #.......###..(....#
#..#.......#
#...###.#
#..o..@....# #...#
#.##......## #...#
#.........# #...#
######.###.......#
#.# .###.... ... .#
##.# ## #.# #.


You could see an orc wizard.

Vanquished Creatures
  An adder (D:2)
  A worm (D:3)
  2 goblins (D:2)
  4 hobgoblins
  3 jackals (D:3)
  A ball python (D:1)
  A giant cockroach (D:1)
  A giant newt (D:1)
  4 kobolds
  A rat (D:3)
19 creatures vanquished.

Notes
Turn   | Place    | Note
--------------------------------------------------------------
     0 | D:1      | timbw the Demigod Fire Elementalist began the quest for the Orb.
     0 | D:1      | Reached XP level 1. HP: 14/14 MP: 5/5
    83 | D:1      | Reached skill level 1 in Maces & Flails
   145 | D:2      | Reached XP level 2. HP: 11/20 MP: 5/7
   400 | D:3      | Killed from afar by an orc wizard

Vault maps used:
D:1:      dpeg_arrival_court
D:2:      first_bread
D:3:      uniq_sigmund, uniq_grinder

Action                   || total
-------------------------++-------
Melee: Club              ||    17
 Cast: Flame Tongue      ||    23
  Use: Potion            ||     2
